[Event "*** Titled Tuesday 3|2 Blitz"]
[Site "Chess.com"]
[Date "2017.06.06"]
[Round "7"]
[White "maciek_92"]
[Black "Illingworth"]
[Result "0-1"]
[WhiteElo "2538"]
[BlackElo "2711"]
[TimeControl "180+2"]
[EndTime "15:22:25 PDT"]
[Termination "Illingworth won by checkmate"]

1. c4 c6 2. Nf3 d5 3. b3 Nf6 4.
Bb2 Bf5 5. g3 e6 6. Bg2 Nbd7 7.
O-O h6 8. d3 Be7 9. Nc3 O-O 10.
Qc2 Bh7 11. Rad1 a5 12. Qc1 Re8 13. Rfe1 Nc5 14. h3 Qb8 15. Ba1 Rc8 16. Qe3 b5 17. d4 Nce4 18. c5 Nxc3 19. Bxc3 b4 20. Bb2 a4 21. Ne5 Qb5 22. Rc1 Ra7 23. g4 Rca8 24.
h4 Ne4 25. Qf4 Bxh4 26. Nd3 Bg5 27. Qe5 Bxc1 28. Bxc1 axb3 29. axb3 Nc3 30. Nf4 Re8 31. g5 hxg5 32. Qxg5 f6 33. Qg3 e5 34. Nh5 Nxe2+ 35.
Rxe2 Qxe2 36. Nxf6+ Kf7 37. Bf1 Qe1 38. Nxe8 Kxe8 39. Be3 Ra1 40. Qxe5+ Kf7 41. Qc7+ Kf8 42. Qd8+ Kf7 43. Qd7+ Kf8 44. Qd8+ Kf7 45. Qc7+ Kf6 46. Qxc6+ Kf7 47. Qxd5+ Kf8 48. Qd8+ Kf7 49. Qd7+ Kf6 50.
Qc6+ Ke7 51. Bg5+ Kf7 52. Qf3+ Kg6 53. Qg3 Qxf1+ 54. Kh2 Qh1# 0-1

[Event "*** Titled Tuesday 3|2 Blitz"]
[Site "Chess.com"]
[Date "2017.06.06"]
[Round "7"]
[White "Saitama_Hero"]
[Black "Divertissement"]
[Result "0-1"]
[WhiteElo "2240"]
[BlackElo "2424"]
[TimeControl "180+2"]
[EndTime "15:22:28 PDT"]
[Termination "Divertissement won by resignation"]

1. b3 d6 2. Bb2 Nd7 3. d4 Ngf6 4. Nd2 g6 5. e4 Bg7 6. Ngf3 O-O 7. Bd3 c5 8. d5 Ng4 9. Bxg7 Kxg7 10.
O-O a6 11. h3 Nge5 12. Nxe5 Nxe5 13. Be2 f5 14. f4 Nf7 15. Qc1 b5 16. Qb2+ Kg8 17. e5 Qb6 18. e6 Nd8 19. Kh2 c4 20. bxc4 Qe3 21. Rf3 Qxe2 22. Nb3 Qxc4 23. Rd1 Nb7 24.
h4 Nc5 25. Rd4 Qe2 26. h5 Ne4 27. h6 Nf6 28. Rd2 Qe1 29. Rg3 Bb7 30. Rdd3 Rac8 31.
Nd4 Qe4 32. Rde3 Qxd5 33. Rg5 Ng4+ 34. Rxg4 fxg4 35. Nf3 Rf6 36. Nh4 Qh5 37. Kg3 Qc5 38. Rd3 Rcf8 39. f5 gxf5 40. Rc3 Qe5+ 41. Kf2 f4 42.
Qb4 g3+ 43. Kf1 Bd5 44. Rc7 Bc4+ 45. Kg1 Qe3+ 46. Kh1 Qc1+ 0-1

[Event "*** Titled Tuesday 3|2 Blitz"]
[Site "Chess.com"]
[Date "2017.06.06"]
[Round "7"]
[White "H16"]
[Black "Frolik67"]
[Result "0-1"]
[WhiteElo "2296"]
[BlackElo "2329"]
[TimeControl "180+2"]
[EndTime "15:22:33 PDT"]
[Termination "Frolik67 won by resignation"]

1. d4 e6 2. g3 d5 3. Bg2 c6 4. e4 dxe4 5. Bxe4 Nf6 6. Bg2 Be7 7. Nf3 O-O 8. O-O Nbd7 9. c4 Nb6 10. Qe2 c5 11. Rd1 cxd4 12. Nxd4 Qc7 13. b3 a6 14.
Bf4 Qc5 15. Nc3 Rd8 16. Be3 Qc7 17. Ndb5 axb5 18. Nxb5 Qe5 19. f4 Qf5 20. Bxb6 Rxd1+ 21. Rxd1 Bd7 22. Nd4 Bc5 23. Kh1 Bxd4 24. Bxd4 h5 25. Bxb7 Rb8 26. Bf3 Ng4 27. Bxg4 hxg4 28. Be5 Bc6+ 29.
Kg1 Ra8 30. Qd3 Be4 31. Qd2 Bb7 32. Re1 f6 33. Bd6 e5 34. a4 exf4 35. gxf4 Qd7 36. Re7 Qc6 37. Qd5+ Qxd5 38. cxd5 Bxd5 39. Re3 Rd8 40.
Bc5 Ra8 41. Rd3 Be6 42. Bb6 Rc8 43. a5 Rc1+ 44. Kf2 Ra1 45. b4 Kf7 46. Rd2 Bc4 47.
Rc2 Bd3 48. Rd2 Bc4 49. f5 g5 50. Rd7+ Ke8 51. Rd6 Ke7 52. Rd4 Bb5 53. Rxg4 Ra2+ 54.
Kg3 Ra3+ 55. Kf2 Ra2+ 56. Kg1 Kd6 57. Bc5+ Ke5 58. Rd4 Kxf5 59. Rd6 Bc4 60. Bd4 Kg4 61. Rxf6 Rd2 62. Be3 Rd1+ 63. Kg2 Bd5+ 64. Kf2 Bc4 65. Kg2 Bd5+ 66. Kf2 Bc4 67. Rf8 Rf1+ 68. Kg2 Rxf8 69.
h3+ 0-1

[Event "*** Titled Tuesday 3|2 Blitz"]
[Site "Chess.com"]
[Date "2017.06.06"]
[Round "7"]
[White "sergiochess83"]
[Black "GeorgMeier"]
[Result "1/2-1/2"]
[WhiteElo "2646"]
[BlackElo "2774"]
[TimeControl "180+2"]
[EndTime "15:22:39 PDT"]
[Termination "Game drawn - insufficient material"]

1. e4 e6 2. d4 d5 3. Nd2 dxe4 4.
Nxe4 Nd7 5. Nf3 Ngf6 6. Bd3 c5 7. Bg5 cxd4 8. Nxd4 Be7 9. Nxf6+ Bxf6 10. Bxf6 Nxf6 11.
c3 O-O 12. O-O e5 13. Ne2 Be6 14. Ng3 Qb6 15. Qc2 Rad8 16. Rfe1 Qc7 17. Bf5 Bd5 18.
Ne4 Bxe4 19. Bxe4 Rd7 20. Bf5 Rd5 21. Rad1 Rfd8 22. Rxd5 Rxd5 23. Rd1 Rxd1+ 24. Qxd1 g6 25. Bc2 Kg7 26. Bb3 a5 27. Qd3 b6 28. g3 h6 29. h4 Qc5 30. Qc4 Qxc4 31. Bxc4 Ne4 32. Bd5 Nc5 33. b3 f5 34. Kf1 Kf6 35. Ke2 e4 36. f4 exf3+ 37. Bxf3 Ke5 38. Ke3 g5 39. hxg5 hxg5 40. b4 Na4 41. Kd3 Nb2+ 42. Kc2 Nc4 43.
Kd3 Nd6 44. bxa5 bxa5 45. c4 Ne4 46. Bxe4 fxe4+ 47. Ke3 a4 48. a3 g4 49. c5 Kd5 50. c6 Kxc6 51. Kxe4 Kc5 52. Kf4 Kc4 53. Kxg4 Kb3 54. Kf5 Kxa3 55. g4 Kb2 56. g5 a3 57. g6 a2 58. g7 a1=Q 59. g8=Q Qf1+ 60. Kg6 Qg2+ 61. Kf7 Qxg8+ 62. Kxg8 1/2-1/2

[Event "*** Titled Tuesday 3|2 Blitz"]
[Site "Chess.com"]
[Date "2017.06.06"]
[Round "7"]
[White "yian123"]
[Black "Fins0905"]
[Result "1-0"]
[WhiteElo "2424"]
[BlackElo "2406"]
[TimeControl "180+2"]
[EndTime "15:22:41 PDT"]
[Termination "yian123 won by resignation"]

1. e4 d5 2. exd5 Qxd5 3. Nc3 Qd8 4. d4 Nf6 5. Bc4 a6 6. Nf3 b5 7. Bb3 c5 8. dxc5 Qxd1+ 9. Nxd1 e6 10. a4 b4 11. Ne3 Bxc5 12. Nc4 Nc6 13. Be3 Bxe3 14. Nxe3 Na5 15. Ne5 Bb7 16. f3 Ke7 17. Bc4 Rac8 18. Be2 b3 19. c3 Ne8 20. N5c4 Nxc4 21. Bxc4 Rb8 22. Ra3 Nd6 23. Bxb3 Bc6 24. Kd2 f5 25. Kc2 Rhc8 26. Re1 Kf6 27. Rd1 Ke7 28. Re1 Kf6 29. Ba2 Ba8 30. Ng4+ fxg4 31. Rxe6+ Kf5 32. Rxd6 gxf3 33.
gxf3 Bxf3 34. Be6+ Ke5 35. Bxc8 Be4+ 36. Rd3 Rxc8 37. Kd2 Bxd3 38. Kxd3 Rf8 39. Ke3 Rf1 40. b4 Rh1 41. Ra2 Kd5 42. b5 axb5 43. axb5 Kc5 44. Rb2 Kb6 45. c4 g5 46. Ke4 h5 47. Kf5 Rg1 48. c5+ Kxc5 49. b6 Rf1+ 50. Kxg5 Rf8 51. b7 Rb8 52. Kxh5 Kc4 53. h4 Kc3 54. Rb6 Kc4 55.
Kg5 Kc5 56. Rb1 Rg8+ 57. Kf6 Rb8 58. h5 1-0

[Event "*** Titled Tuesday 3|2 Blitz"]
[Site "Chess.com"]
[Date "2017.06.06"]
[Round "7"]
[White "TregubovP"]
[Black "Ginger_GM"]
[Result "0-1"]
[WhiteElo "2363"]
[BlackElo "2436"]
[TimeControl "180+2"]
[EndTime "15:22:42 PDT"]
[Termination "Ginger_GM won by resignation"]

1. d4 e6 2. c4 f5 3. g3 Nf6 4.
Bg2 Be7 5. Nf3 O-O 6. O-O a5 7. Bg5 Ne4 8. Bxe7 Qxe7 9. Nbd2 Nxd2 10. Qxd2 d6 11. Rfe1 Nd7 12. e4 f4 13. e5 d5 14.
cxd5 exd5 15. gxf4 Nb6 16. b3 Bf5 17. Rac1 c6 18. Re3 h6 19. Ne1 Bh7 20. Nd3 a4 21. Nc5 Rxf4 22. bxa4 Nc4 23. Rxc4 dxc4 24. Rc3 Raf8 25.
f3 Bd3 26. Qe3 Kh8 27. Nxd3 cxd3 28. Rxd3 Qb4 29. e6 R4f6 30. f4 Qd6 31. d5 cxd5 32.
Bxd5 Rxf4 33. Bg2 Qe7 34. Rd7 Qg5 35. Qc1 Rf1+ 36. Qxf1 Qe3+ 37. Kh1 Rxf1+ 38. Bxf1 Qxe6 39. Rd8+ Kh7 40. Bd3+ g6 41. Kg2 Qxa2+ 42. Kf3 Qxa4 43. Be4 Qa3+ 44. Rd3 Qe7 45. Bd5 b5 46. Re3 Qf6+ 47. Ke4 h5 48. Rf3 Qb2 49. Rf7+ Kh6 50. Rb7 Qxh2 51.
Bf7 Qg2+ 0-1

[Event "*** Titled Tuesday 3|2 Blitz"]
[Site "Chess.com"]
[Date "2017.06.06"]
[Round "7"]
[White "1stSecond"]
[Black "Noukii"]
[Result "1-0"]
[WhiteElo "2526"]
[BlackElo "2605"]
[TimeControl "180+2"]
[EndTime "15:23:04 PDT"]
[Termination "1stSecond won by resignation"]

1. d4 d5 2. c4 c6 3. Nf3 Nf6 4. e3 Bf5 5. Nc3 a6 6. Qb3 b5 7. cxd5 cxd5 8. a4 b4 9. Qxb4 Nc6 10.
Qb3 Rb8 11. Qd1 Nb4 12. a5 Nc2+ 13. Kd2 Nxa1 14. Qa4+ Bd7 15. Qxa1 e6 16. Bxa6 Bb4 17.
Bd3 Bxa5 18. Ne5 O-O 19. Ke2 Bxc3 20. bxc3 Bb5 21. Ba3 Re8 22. Bxb5 Rxb5 23. Bb4 Qc7 24. Qa6 Reb8 25. Ra1 h6 26. Qc6 Qxc6 27. Nxc6 Re8 28. Ra7 Ne4 29. f3 Ng5 30. h4 Nh7 31. Ne5 f6 32. Nc6 Nf8 33. h5 Rb6 34. Ne7+ Kh7 35.
g4 Rd8 36. Kf2 Rbb8 37. Kg3 Ra8 38. Rc7 Rd7 39. Rxd7 Nxd7 40. f4 Nb6 41. f5 exf5 42. gxf5 Re8 43. Kf4 Rc8 44. e4 dxe4 45. Kxe4 Ra8 46. d5 Ra1 47. d6 Rd1 48. Bc5 Nd7 49. Bd4 Re1+ 50. Kd5 Rd1 51. Kc6 Ne5+ 52. Kc7 Nf7 53.
d7 Rh1 54. Nc8 Rxh5 55. Nd6 1-0

[Event "*** Titled Tuesday 3|2 Blitz"]
[Site "Chess.com"]
[Date "2017.06.06"]
[Round "7"]
[White "yurisolo"]
[Black "igorkovalenko"]
[Result "1-0"]
[WhiteElo "2509"]
[BlackElo "2633"]
[TimeControl "180+2"]
[EndTime "15:23:05 PDT"]
[Termination "yurisolo won by resignation"]

1. e4 c6 2. d4 d5 3. Nc3 dxe4 4.
Nxe4 Nd7 5. Ng5 Ngf6 6. Bd3 g6 7. N1f3 Bg7 8. O-O O-O 9. c3 c5 10. Re1 b6 11. Qb3 e6 12. Bc4 cxd4 13. Nxf7 Rxf7 14.
Bxe6 Nc5 15. Bxf7+ Kf8 16. Qa3 Kxf7 17. cxd4 Ne6 18.
Rxe6 Bxe6 19. Ng5+ Kg8 20. Nxe6 Qd7 21. Nxg7 Kxg7 22.
Bf4 Nd5 23. Be5+ Kg8 24. Rc1 Rf8 25. Qb3 Qf7 26. f3 h6 27. Rc6 Kh7 28. Qd3 Rd8 29.
h4 Nb4 30. Qc4 Qxc4 31. Rxc4 Nd5 32. Kf2 h5 33. Rc6 Rd7 34. Rd6 Rxd6 35. Bxd6 Kg7 36.
Ke2 Kf6 37. Kd3 Ke6 38. Bb8 a6 39. a3 b5 40. Be5 Kf5 41. b3 Ke6 42. g4 Kd7 43. Ke4 Ke6 44. Kd3 Kd7 45. a4 Ke6 46.
axb5 axb5 47. Bb8 Nb4+ 48. Ke4 Nd5 49. Bg3 Nc3+ 50. Kd3 Nd5 51. Bh2 Nf6 52. gxh5 gxh5 53.
Be5 Nd5 54. Ke4 Nc3+ 55. Kf4 Ne2+ 56. Kg5 Nc1 57. Kxh5 Nxb3 58. Kg6 Nd2 59. h5 b4 60. h6 b3 61. h7 b2 62. d5+ Kxe5 63. h8=Q+ Kxd5 64. Qxb2 Nxf3 65. Kf5 Nd4+ 66. Kf4 Ne6+ 67. Ke3 Nc5 68.
Qf6 Ne6 69. Qf5+ Kd6 70. Ke4 Nc5+ 71. Kd4 Ne6+ 72. Kc4 Nc7 73. Qc5+ Kd7 74. Qb6 Ne8 75. Kd5 Ke7 1-0

[Event "*** Titled Tuesday 3|2 Blitz"]
[Site "Chess.com"]
[Date "2017.06.06"]
[Round "7"]
[White "dolynachess"]
[Black "Setne007"]
[Result "1-0"]
[WhiteElo "2306"]
[BlackElo "2039"]
[TimeControl "180+2"]
[EndTime "15:23:05 PDT"]
[Termination "dolynachess won by resignation"]

1. c4 e6 2. g3 d5 3. Bg2 Nf6 4. Nf3 Be7 5. O-O O-O 6. d4 Nbd7 7.
b3 c6 8. Bb2 b6 9. Qc2 Ba6 10.
Nbd2 Rc8 11. Rac1 Bb7 12. Rfe1 c5 13. Qb1 a5 14. cxd5 exd5 15. e3 a4 16. dxc5 bxc5 17. bxa4 Bc6 18. Qc2 Ra8 19. e4 Bxa4 20. Qb1 d4 21. e5 Ne8 22. Ne4 Rb8 23. h4 h6 24.
Qa1 Nc7 25. Ba3 Ne6 26. Nfd2 Bb5 27. Nb3 Rc8 28. f4 Bxh4 29. gxh4 Qxh4 30. Nbxc5 Nxf4 31. Qxd4 Qg4 32. Rc2 Nxc5 33. Bxc5 Rfd8 34. Nd6 Nh3+ 35.
Kh2 Qxd4 36. Bxd4 Rxc2 37. Kxh3 Bd7+ 38. Kh2 Rxa2 39. Kg3 Rb8 40. Bd5 Ra3+ 41. Kf4 Be6 42. Bxe6 fxe6 43. Rg1 Rf8+ 44. Ke4 Rff3 45. Nc4 Rab3 46.
Na5 Ra3 47. Nc4 Rab3 48. Nd2 Rfd3 49. Nxb3 Rxb3 50. Be3 g5 51. Rf1 Kg7 52. Rf6 Rb6 53.
Kf3 Rc6 54. Kg4 Rc4+ 55. Kg3 Rc6 56. Bd2 Ra6 57. Bb4 Rc6 58. Bf8+ Kh7 59. Bxh6 Rc4 60.
Bxg5 1-0

[Event "*** Titled Tuesday 3|2 Blitz"]
[Site "Chess.com"]
[Date "2017.06.06"]
[Round "7"]
[White "ANLex1963"]
[Black "lucasmito"]
[Result "1-0"]
[WhiteElo "2201"]
[BlackElo "2044"]
[TimeControl "180+2"]
[EndTime "15:23:06 PDT"]
[Termination "ANLex1963 won by checkmate"]

1. d4 d5 2. c4 c6 3. Nf3 Nf6 4.
Nc3 e6 5. e3 Nbd7 6. Qc2 Be7 7.
g4 O-O 8. g5 Ne8 9. h4 f6 10.
Bd3 f5 11. Bd2 Nd6 12. cxd5 exd5 13. O-O-O Ne4 14. Rdf1 b5 15. Be1 Nb6 16. Ne5 Bd7 17. Ne2 Nc4 18. Kb1 Nxe5 19. dxe5 a5 20. Nd4 c5 21.
Nxb5 Bxb5 22. Bxb5 c4 23. f3 Nc5 24. Bc3 a4 25.
Bd4 Nd3 26. Bxc4 Nxb2 27. Bxb2 dxc4 28. Qxc4+ Kh8 29. Bd4 Qa5 30. Ka1 Rfc8 31. Qd3 Bb4 32. Rc1 Bd2 33. Rxc8+ Rxc8 34. Rb1 a3 35. e6 Qd8 36.
Qxd2 Qe7 37. Qd3 Qxe6 38. Rd1 Qf7 39. Qxa3 f4 40. e4 Rd8 41. Qb2 Rc8 42. Rc1 Rd8 43. Rc5 Kg8 44. Qc3 Qb7 45. Rc4 Rb8 46. Qb3 Qa8 47.
Rc8# 1-0

[Event "*** Titled Tuesday 3|2 Blitz"]
[Site "Chess.com"]
[Date "2017.06.06"]
[Round "7"]
[White "dinevmk"]
[Black "northridgehawk"]
[Result "0-1"]
[WhiteElo "2034"]
[BlackElo "2117"]
[TimeControl "180+2"]
[EndTime "15:23:14 PDT"]
[Termination "northridgehawk won on time"]

1. d4 d5 2. Nf3 Nf6 3. g3 Bf5 4. Bg2 c6 5. O-O e6 6. c3 Be7 7. Nbd2 O-O 8. Nh4 Bg4 9. h3 Bh5 10. g4 Bg6 11. Nxg6 hxg6 12. e4 c5 13. e5 Nfd7 14. f4 Nc6 15. Nf3 Rc8 16. Be3 Qb6 17. Rf2 cxd4 18. cxd4 Qa6 19. Re2 Nb6 20. b3 Nb4 21.
Bf1 Qd3 22. Qxd3 Nxd3 23. a3 Rc3 24. Nd2 a5 25. f5 a4 26. bxa4 Nxa4 27. Rg2 Nxe5 28.
Bf4 Nd3 29. Bg3 gxf5 30. gxf5 exf5 31. Rd1 f4 32. Nb1 Rb3 33. Bxd3 fxg3 34. Rxg3 Rb2 35. Kh1 Bf6 36. Bf1 Rc8 37. Bg2 Nb6 38. a4 Rcc2 39. Na3 Rf2 40. a5 Nd7 41. Bxd5 Rh2+ 42. Kg1 Rhd2 43.
Rd3 Rxd1+ 44. Rxd1 Rb4 45. Kg2 Bxd4 46. Rxd4 Rxd4 47. Bxb7 Ra4 48. Nb5 Rxa5 49. Nd4 Nf6 50. Nc6 Ra3 51. Ne7+ Kf8 52. Nf5 Nh5 53. Bc8 Nf4+ 54.
Kf1 Nxh3 55. Nd6 Ng5 0-1

[Event "*** Titled Tuesday 3|2 Blitz"]
[Site "Chess.com"]
[Date "2017.06.06"]
[Round "7"]
[White "Journey_to_GrandMaster_YT"]
[Black "Rodalquilar"]
[Result "0-1"]
[WhiteElo "2342"]
[BlackElo "2544"]
[TimeControl "180+2"]
[EndTime "15:23:20 PDT"]
[Termination "Rodalquilar won by checkmate"]

1. d4 Nf6 2. Nf3 d5 3. c4 e6 4.
Nc3 Bb4 5. cxd5 exd5 6. Bg5 h6 7. Bxf6 Qxf6 8. Qb3 Bxc3+ 9. bxc3 c6 10. e3 O-O 11.
c4 dxc4 12. Bxc4 Nd7 13. O-O Nb6 14. Be2 Be6 15. Qb2 Rab8 16. Ne5 Nd7 17. Nxd7 Bxd7 18. Bf3 Rfc8 19. Rab1 b6 20. Qa3 Rc7 21. Rfc1 Rbc8 22. Rc3 c5 23. dxc5 Rxc5 24. Rxc5 Rxc5 25. Qxa7 Qb2 26.
Rd1 Be6 27. a4 g6 28. h3 Rc2 29. Qe7 Kg7 30. Rd8 Qa1+ 31. Kh2 Qe5+ 32. Kg1 Qa1+ 33. Bd1 Rc1 34. Qf8+ Kf6 35. Qh8+ Ke7 36. Qf8+ Kf6 37.
Qh8+ Ke7 38. Qxa1 Rxa1 39. Rd3 Bc4 40. Rd4 Bb3 41. Kh2 Bxd1 42. Rb4 Bxa4 43. Rxb6 Bd7 44. Kg3 h5 45. h4 Ra4 46. f3 Ra2 47. e4 Bc8 48.
Rb1 Ba6 49. Kh3 Kf6 50. g3 Be2 51. Rb3 Bf1# 0-1

[Event "*** Titled Tuesday 3|2 Blitz"]
[Site "Chess.com"]
[Date "2017.06.06"]
[Round "7"]
[White "Pierrebl"]
[Black "cukus"]
[Result "1/2-1/2"]
[WhiteElo "2546"]
[BlackElo "2448"]
[TimeControl "180+2"]
[EndTime "15:23:21 PDT"]
[Termination "Game drawn by agreement"]

1. e4 c5 2. Nf3 d6 3. d4 cxd4 4.
Nxd4 Nf6 5. Nc3 a6 6. h3 e6 7. g4 Be7 8. g5 Nfd7 9. h4 b5 10. Be3 Bb7 11. a3 Nc6 12. Qd2 Rc8 13. Nxc6 Rxc6 14. O-O-O O-O 15. h5 Ne5 16. Be2 Nc4 17.
Bxc4 Rxc4 18. g6 Bf6 19. Qxd6 Qxd6 20. Rxd6 Bxc3 21. gxf7+ Rxf7 22. bxc3 Bxe4 23. Rg1 Rc6 24. Rd8+ Rf8 25. Rd7 Rf7 26. Rd8+ Rf8 27. Rxf8+ Kxf8 28. Bd4 g6 29. h6 Kf7 30. f3 Bf5 31. Kd2 Ke7 32.
Re1 Kd6 33. Re5 Rc4 34. f4 Kd7 35. Rc5 Rxc5 36. Bxc5 Kc6 37. Be7 Kd5 38. Bd8 Ke4 39. Bg5 Kf3 40. c4 bxc4 41. c3 Bd3 42. a4 Bf5 43. a5 Be4 44. Bd8 Kxf4 45. Ke2 Bd3+ 46.
Kf2 e5 47. Bc7 g5 48. Bd6 g4 49. Bc7 g3+ 50. Kg1 Bg6 51. Bd6 Bh5 52. Bc7 Bf3 53. Bd6 Kf5 54. Bc7 g2 55. Bb8 e4 56.
Ba7 Kf4 57. Kf2 g1=Q+ 58. Kxg1 e3 59. Kf1 Ke4 60. Ke1 Kd3 61. Bd4 Be4 62. Be5 Bf3 63. Bd4 e2 64. Be5 Bh5 65. Bf6 Kc2 66. Be5 1/2-1/2

[Event "*** Titled Tuesday 3|2 Blitz"]
[Site "Chess.com"]
[Date "2017.06.06"]
[Round "7"]
[White "wonderfultime"]
[Black "Alexander_Moskalenko"]
[Result "1-0"]
[WhiteElo "2660"]
[BlackElo "2674"]
[TimeControl "180+2"]
[EndTime "15:23:29 PDT"]
[Termination "wonderfultime won on time"]

1. d4 g6 2. g3 Bg7 3. Bg2 d5 4. Nf3 Nf6 5. O-O O-O 6. c4 c6 7. Qb3 Qb6 8. Nc3 Bf5 9. c5 Qxb3 10. axb3 Na6 11. Bf4 Nh5 12. Bd2 Nc7 13. h3 Nf6 14.
Bf4 Ne6 15. Be5 Be4 16. Nxe4 Nxe4 17. Bxg7 Kxg7 18. b4 a6 19. e3 N4g5 20. Ne5 f6 21. Nd3 Rae8 22. Nc1 Nd8 23. h4 Ngf7 24. Nb3 e5 25.
Bf3 Re7 26. Rfd1 e4 27. Be2 f5 28. Kf1 h6 29. Ke1 g5 30. hxg5 hxg5 31. Kd2 Rh8 32. Rh1 Ree8 33. Na5 Rxh1 34. Rxh1 Rh8 35. Rxh8 Nxh8 36.
Nxb7 Nxb7 37. Bxa6 Nd8 38. b5 cxb5 39. Bxb5 Kf6 40. Bd7 Ng6 41. b4 Nf8 42. Bc8 Nc6 43.
b5 Na5 44. Kc3 Ne6 45. Kb4 Nc4 46. b6 Nd8 47. Kb5 Na3+ 48. Ka6 f4 49. gxf4 gxf4 50. Bd7 fxe3 51. fxe3 Ke7 52. c6 Kd6 53. b7 Kc7 54.
Ka7 Nb5+ 55. Ka8 1-0

[Event "*** Titled Tuesday 3|2 Blitz"]
[Site "Chess.com"]
[Date "2017.06.06"]
[Round "7"]
[White "Blitzking4444"]
[Black "fidetrainerNET"]
[Result "1-0"]
[WhiteElo "2017"]
[BlackElo "2095"]
[TimeControl "180+2"]
[EndTime "15:23:31 PDT"]
[Termination "Blitzking4444 won by checkmate"]

1. e4 Nf6 2. e5 Nd5 3. d4 d6 4.
Nf3 g6 5. Bc4 Nb6 6. Bb3 Bg7 7.
O-O O-O 8. h3 a5 9. a3 a4 10.
Ba2 Na6 11. c4 c5 12. exd6 exd6 13. d5 Re8 14. Nc3 Nc7 15. Bf4 Qf6 16. Qd2 Bd7 17. Bg5 Qf5 18. Bb1 Nxc4 19. Bxf5 Nxd2 20. Bxd7 Nxf3+ 21.
gxf3 Reb8 22. Rad1 b5 23. Be7 Ra6 24. Ne4 Ne8 25.
Bxe8 Rxe8 26. Bxd6 Rxe4 27. fxe4 Rxd6 28. f4 Bxb2 29.
e5 Rd8 30. d6 Bxa3 31. Rd5 Kg7 32. Ra1 Bb4 33. Kf2 Bc3 34. Rc1 Bd4+ 35. Ke2 a3 36.
Kd3 b4 37. Rxd4 cxd4 38. Kxd4 g5 39. f5 f6 40. Kd5 fxe5 41. Ke6 b3 42. f6+ Kg6 43.
f7 b2 44. Rf1 b1=Q 45. Rxb1 Ra8 46. Ke7 a2 47. Ra1 Kg7 48. d7 e4 49. d8=Q Rxd8 50. Kxd8 Kxf7 51. Rxa2 Ke6 52. Ra7 Kf5 53. Rxh7 Kf4 54.
Kd7 Kg3 55. Kd6 e3 56. Re7 Kf2 57. Ke5 e2 58. Kf5 e1=Q 59. Rxe1 Kxe1 60. Kxg5 Kf2 61. h4 Ke3 62. h5 Ke4 63. h6 Ke5 64. h7 Ke6 65. h8=Q Kf7 66. Qf6+ Kg8 67. Qe7 Kh8 68. Kg6 Kg8 69. Qg7# 1-0

[Event "*** Titled Tuesday 3|2 Blitz"]
[Site "Chess.com"]
[Date "2017.06.06"]
[Round "7"]
[White "saraswathii"]
[Black "Zufi1811"]
[Result "1-0"]
[WhiteElo "2285"]
[BlackElo "2326"]
[TimeControl "180+2"]
[EndTime "15:23:33 PDT"]
[Termination "saraswathii won on time"]

1. e4 c5 2. Nf3 d6 3. d3 Nf6 4. g3 Nc6 5. Bg2 g6 6. O-O Bg7 7. c3 O-O 8. h3 e5 9. a3 h6 10. Nh4 d5 11. Qe2 Be6 12. Nf3 Qc7 13. exd5 Bxd5 14. Nbd2 Rad8 15. Ne4 Nxe4 16. dxe4 Be6 17.
Be3 c4 18. Rfd1 b6 19. Rxd8 Rxd8 20. Rd1 Na5 21. Kh2 f6 22. Nh4 Bf7 23. f4 Nb3 24. fxe5 fxe5 25. Rxd8+ Qxd8 26. Bf1 Bf6 27. Nf3 Kg7 28.
Qf2 Qd1 29. Ng1 Qd6 30. Nf3 Be6 31. Ne1 Be7 32. Nc2 Nc5 33. Bxc5 Qxc5 34. Qe2 Bg5 35. Nb4 b5 36. h4 Bc1 37. Bg2 h5 38. Nd5 Bg4 39. Qf1 Bh6 40. Qf6+ Kh7 41. Ne7 Qb6 42. Qxe5 Bg7 43. Qf4 Qe6 44. Nd5 Be5 45. Qf2 g5 46. Qxa7+ Kg6 47. hxg5 Kxg5 48. Qc5 h4 49. Qe3+ Kg6 50.
Nf4+ Bxf4 51. gxf4 Kh5 52. e5 1-0

[Event "*** Titled Tuesday 3|2 Blitz"]
[Site "Chess.com"]
[Date "2017.06.06"]
[Round "7"]
[White "mwpchess"]
[Black "Spartakus1975"]
[Result "0-1"]
[WhiteElo "2471"]
[BlackElo "2596"]
[TimeControl "180+2"]
[EndTime "15:23:42 PDT"]
[Termination "Spartakus1975 won by resignation"]

1. e4 e6 2. d4 d5 3. Nc3 Nf6 4.
e5 Nfd7 5. f4 c5 6. Nf3 Nc6 7.
Be3 Be7 8. Qd2 b6 9. Bb5 Bb7 10.
O-O O-O 11. Nd1 cxd4 12. Nxd4 Rc8 13. Bxc6 Bxc6 14. Nf2 Nc5 15. c3 a5 16. f5 exf5 17.
Nxf5 Re8 18. Ng4 Ne4 19. Qe2 Bg5 20. Bd4 h5 21. Nf2 Nd2 22. Rfd1 Qd7 23. Qd3 Ne4 24. Nxe4 dxe4 25. Qh3 g6 26. Nd6 Qxh3 27. gxh3 b5 28. Nxc8 Rxc8 29. Re1 Bd5 30. Be3 Bh4 31. Bf2 Bg5 32. Be3 Be7 33. a3 Bc4 34. Rad1 Bd3 35. Bf2 b4 36. axb4 axb4 37. Bd4 b3 38. Ra1 Bh4 39. Bf2 Bg5 40. Be3 Be7 41. Ra7 Bc5 42.
Bxc5 Rxc5 43. e6 fxe6 44. Kf2 Rf5+ 45. Ke3 e5 46. Rg1 Rf3+ 47. Kd2 Rf2+ 48. Ke1 e3 49. Ra1 Re2+ 50. Kd1 Rd2+ 51. Ke1 Re2+ 52. Kd1 Rxb2 53. Ke1 Re2+ 54. Kd1 Rd2+ 55. Ke1 b2 56. Ra8+ Kg7 57. Rb8 Rc2 58. Rb7+ Kh6 0-1

[Event "*** Titled Tuesday 3|2 Blitz"]
[Site "Chess.com"]
[Date "2017.06.06"]
[Round "7"]
[White "AndreyOstrovskiy"]
[Black "Margency"]
[Result "1-0"]
[WhiteElo "2537"]
[BlackElo "2534"]
[TimeControl "180+2"]
[EndTime "15:23:49 PDT"]
[Termination "AndreyOstrovskiy won by resignation"]

1. e4 d5 2. exd5 Qxd5 3. Nc3 Qd6 4. d4 Nf6 5. g3 c6 6. Bg2 Bg4 7.
Nf3 e6 8. O-O Be7 9. h3 Bh5 10.
g4 Bg6 11. Ne5 Nfd7 12. Bf4 Qb4 13. Nxg6 hxg6 14. Ne4 Nf6 15. a3 Qa5 16. Nd6+ Bxd6 17. Bxd6 Qd8 18. Bg3 g5 19. c4 Nbd7 20. d5 exd5 21.
Re1+ Kf8 22. cxd5 cxd5 23. Bxd5 Rxh3 24. Bd6+ Kg8 25. Bxb7 Rb8 26. Bg2 Rh4 27. Bxb8 Qxb8 28. Re7 Nxg4 29. Qf3 Nde5 30. Qa8 Qxa8 31. Bxa8 Rh3 32.
Rxa7 Rb3 33. Rb1 g6 34. a4 Nf6 35. a5 g4 36. a6 g3 37. Bg2 gxf2+ 38. Kxf2 Nfg4+ 39. Kg1 Rg3 40. Rb7 Nf3+ 41. Kf1 Nd2+ 42. Kg1 Nf3+ 43. Kf1 Nd2+ 44. Ke2 Rxg2+ 45. Kd3 Ne5+ 46.
Kd4 Nc6+ 47. Kc5 Nxb1 48. Kxc6 Rc2+ 49. Kd7 Rd2+ 50. Ke7 Re2+ 51. Kd8 Rd2+ 52. Kc8 Re2 53. a7 Nd2 54. Kd7 Nc4 55. a8=Q+ Kg7 56. Rb8 Re6 57. Rg8+ Kh6 58. Qh1+ Kg5 59. Qg2+ Kf6 60. Qf3+ Ke5 61. Qc3+ Kd5 62. Kc8 Nd6+ 63. Kb8 Re7 64. Rd8 Rb7+ 65. Ka8 Rb6 66. Qd3+ Ke6 67. Qe3+ 1-0

[Event "*** Titled Tuesday 3|2 Blitz"]
[Site "Chess.com"]
[Date "2017.06.06"]
[Round "7"]
[White "DryCounty"]
[Black "Spinaltap"]
[Result "1/2-1/2"]
[WhiteElo "2471"]
[BlackElo "2507"]
[TimeControl "180+2"]
[EndTime "15:24:26 PDT"]
[Termination "Game drawn by agreement"]

1. Nf3 d5 2. g3 c6 3. Bg2 Bg4 4. O-O Nd7 5. d3 Ngf6 6. c4 dxc4 7.
dxc4 e5 8. Nc3 Be7 9. h3 Bh5 10. Nh4 O-O 11. Nf5 Bb4 12. Qb3 Qb6 13. Na4 Nc5 14. Nxc5 Bxc5 15. Qxb6 axb6 16. g4 Bg6 17. Rd1 Bxf5 18. gxf5 Rfd8 19. Rxd8+ Rxd8 20. Bg5 h6 21. Bxf6 gxf6 22. Rb1 Rd2 23. e3 h5 24. h4 Kg7 25.
Bf3 Kh6 26. Kf1 Rc2 27. Be2 e4 28. a3 Bd6 29. Ke1 Be5 30. Kd1 Rxb2 31. Rxb2 Bxb2 32. a4 Bc3 33. Bf1 Kg7 34. Bg2 Kh6 35.
Bxe4 Kg7 36. Ke2 Kh6 37. Bc2 Kg7 38. Kf3 Kh6 39. Bd3 Be1 40. Ke2 Bc3 41. Kf3 Be1 42.
Be4 Bb4 43. Kg2 Be1 44. Kg3 Bb4 45. Bd3 Be1 46. Be2 Bd2 47. Kg2 Be1 48. Kf3 Bd2 49.
Ke4 Be1 50. Kf3 Bd2 51. Bd3 Be1 52. Bc2 Bd2 53. e4 Bc3 54. Bd3 Bb4 55. Ke3 Bc5+ 56. Ke2 Bb4 57. f4 Bc3 58. Kf3 Be1 59. e5 fxe5 60. fxe5 Bxh4 61. Kf4 Be7 62. f6 Bb4 63. Kf5 h4 64. Bf1 Kh7 65. Bh3 Kg8 66. Ke4 Bc3 67. Bc8 Kh7 68. Kf4 b5 69. cxb5 cxb5 70. axb5 b6 71. Bb7 Kg8 72. Bg2 Be1 73. Kf5 Kf8 74.
Bh3 Bg3 75. Bg4 Bh2 76. e6 fxe6+ 77. Kxe6 Bg1 78. f7 Bf2 79. Bh3 Bg3 1/2-1/2